1765 views
Uploaded 2023-01-20 21:16:38
Game version 1.35 (6115)
13:38 long 1on1 ladder game on (2)tidehunters_v1.2 s3
Saved by DensitY
1765 views
Uploaded 2023-01-20 21:16:38
Game version 1.35 (6115)
13:38 long 1on1 ladder game on (2)tidehunters_v1.2 s3

16 units @ 2.2k
/ 0.1k
13 buildings @ 2.1k
/ 0.8k

| Healing Salve | 3 | 300 |
| Lesser Clarity Potion | 3 | 210 |
| Potion of Healing | 4 | 600 |
| total: | 10 | 1110g |
| Peon | 6 | 450 | / | 0 |
| Grunt | 4 | 800 | / | 0 |
| Troll Headhunter | 4 | 560 | / | 80 |
| Demolisher | 1 | 220 | / | 50 |
| Shaman | 1 | 130 | / | 20 |
| total: | 16 | 2160g | / | 150w |
| Watch Tower | 1 | 110 | / | 80 |
| Altar of Storms | 1 | 180 | / | 50 |
| Orc Burrow | 6 | 960 | / | 240 |
| Voodoo Lounge | 1 | 130 | / | 30 |
| Barracks | 1 | 180 | / | 50 |
| War Mill | 1 | 205 | / | 0 |
| Spirit Lodge | 2 | 300 | / | 300 |
| Stronghold | 1 | 315 | / | 190 |
| Fortress | 1 | 325 | / | 190 |
| total: | 13 | 2065g | / | 750w |
| 0:12 | Altar of Storms |
| 0:17 | Peon |
| 0:17 | Peon |
| 0:27 | Orc Burrow |
| 0:41 | Peon |
| 0:42 | Peon |
| 0:53 | Voodoo Lounge |
| 1:13 | Peon |
| 1:38 | Barracks |
| 1:48 | Peon |
| 2:11 | Orc Burrow |
| 3:06 | War Mill |
| 3:09 | Grunt |
| 3:10 | Grunt |
| 3:20 | Orc Burrow |
| 3:37 | Mirror Image |
| 4:03 | Grunt |
| 4:09 | Stronghold |
| 4:29 | Troll Headhunter |
| 4:33 | Healing Salve |
| 4:34 | Lesser Clarity Potion |
| 4:53 | Steel Armor |
| 4:56 | Troll Headhunter |
| 5:09 | Orc Burrow |
| 5:17 | Troll Headhunter |
| 6:06 | Spiked Barricades |
| 6:13 | Troll Headhunter |
| 6:17 | Steel Melee Weapons |
| 6:25 | Orc Burrow |
| 6:50 | Spirit Lodge |
| 7:01 | Demolisher |
| 7:05 | Potion of Healing |
| 7:07 | Lesser Clarity Potion |
| 7:31 | Watch Tower |
| 7:41 | Spirit Lodge |
| 7:54 | Grunt |
| 7:56 | Pillage |
| 8:24 | Critical Strike |
| 8:46 | Critical Strike |
| 9:05 | Shaman Adept Training |
| 9:15 | Witch Doctor Adept Training |
| 9:19 | Shaman |
| 11:04 | Potion of Healing |
| 11:14 | Potion of Healing |
| 11:15 | Healing Salve |
| 11:32 | Wind Walk |
| 11:39 | Fortress |
| 11:57 | Orc Burrow |
| 13:16 | Potion of Healing |
| 13:16 | Healing Salve |
| 13:18 | Lesser Clarity Potion |
| Right click | 155 |
| Select | 138 |
| Build/train/purchase | 71 |
| Use ability | 10 |
| Select group | 7 |
| Assign group | 2 |
| Item give/drop | 1 |
| Remove unit | 1 |
34 units @ 3.7k
/ 0.2k
11 buildings @ 2.1k
/ 0.8k

| Boots of Speed | 1 | 250 |
| total: | 1 | 250g |
| Wisp | 18 | 1080 | / | 0 |
| Archer | 7 | 910 | / | 70 |
| Huntress | 9 | 1755 | / | 180 |
| total: | 34 | 3745g | / | 250w |
| Altar of Elders | 1 | 180 | / | 50 |
| Moon Well | 5 | 900 | / | 200 |
| Ancient of War | 2 | 300 | / | 120 |
| Hunter's Hall | 1 | 210 | / | 100 |
| Tree of Life | 1 | 340 | / | 185 |
| Ancient of Wind | 1 | 150 | / | 140 |
| Tree of Ages | 2 | 640 | / | 360 |
| Tree of Eternity | 2 | 660 | / | 400 |
| total: | 11 | 2080g | / | 795w |
| 0:03 | Altar of Elders |
| 0:05 | Wisp |
| 0:05 | Wisp |
| 0:21 | Moon Well |
| 0:22 | Wisp |
| 0:36 | Ancient of War |
| 0:39 | Wisp |
| 0:48 | Wisp |
| 0:52 | Wisp |
| 0:56 | Wisp |
| 1:04 | Wisp |
| 1:34 | Moon Well |
| 1:37 | Archer |
| 1:51 | Archer |
| 2:13 | Force of Nature |
| 2:32 | Archer |
| 2:37 | Hunter's Hall |
| 2:57 | Ancient of War |
| 3:01 | Archer |
| 3:29 | Archer |
| 3:38 | Strength of the Moon |
| 3:48 | Archer |
| 3:54 | Huntress |
| 4:02 | Moon Well |
| 4:42 | Archer |
| 4:44 | Moon Armor |
| 5:00 | Thorns Aura |
| 5:31 | Huntress |
| 5:42 | Moon Well |
| 5:52 | Tree of Ages |
| 6:24 | Force of Nature |
| 6:35 | Huntress |
| 6:54 | Boots of Speed |
| 8:12 | Huntress |
| 8:12 | Huntress |
| 8:35 | Ancient of Wind |
| 8:42 | Tree of Life |
| 8:46 | Improved Strength of the Moon |
| 8:46 | Advanced Strength of the Moon |
| 9:42 | Thorns Aura |
| 10:10 | Huntress |
| 10:10 | Huntress |
| 10:54 | Moon Well |
| 10:58 | Improved Moon Armor |
| 10:59 | Tree of Eternity |
| 11:08 | Wisp |
| 11:08 | Wisp |
| 11:11 | Wisp |
| 11:11 | Wisp |
| 11:43 | Wisp |
| 11:45 | Wisp |
| 11:46 | Wisp |
| 11:48 | Wisp |
| 12:34 | Wisp |
| 12:34 | Wisp |
| 13:02 | Huntress |
| 13:02 | Huntress |
| 13:08 | Moon Glaive |
| Select group | 1315 |
| Right click | 1182 |
| Select | 242 |
| Assign group | 96 |
| Build/train/purchase | 51 |
| Use ability | 12 |
| Esc | 2 |
| Item give/drop | 1 |